 Dungeon Crawl Stone Soup version 0.28-a0-1435-g82390b3a13 (webtiles) character file.

Game seed: 6746072949140269816

1348 Hasart the Skirmisher (level 8, -2/56 HPs)
             Began as an Octopode Fighter on Jan 10, 2022.
             Slain by Duvessa (11 damage)
             ... on level 5 of the Dungeon.
             The game lasted 00:08:13 (5221 turns).

Hasart the Skirmisher (Octopode Fighter)            Turns: 5221, Time: 00:08:13

Health: -2/56      AC:  1    Str: 17    XL:     8   Next: 63%
Magic:  8/8        EV: 13    Int: 11    God:
Gold:   209        SH: 11    Dex: 11    Spells: 7/7 levels left

rFire   . . .      SeeInvis .   p - +2 falchion (elec)
rCold   . . .      Faith    .   q - +2 kite shield
rNeg    . . .      Spirit   .   (helmet restricted)
rPois   .          Reflect  .   (no amulet)
rElec   .          Harm     .   (no ring)
rCorr   .          Rampage  .   (no ring)
Will    .....                   (no ring)
Stlth   ++........              (no ring)
HPRegen 0.18/turn               (no ring)
MPRegen 0.11/turn               (no ring)
                                (no ring)
                                (no ring)

@: no status effects
A: almost no armour, amphibious, 8 rings, camouflage 1, gelatinous body 1,
(nimble swimmer 1), tentacles
a: no special abilities


You were on level 5 of the Dungeon.
You visited 1 branch of the dungeon, and saw 5 of its levels.

You collected 239 gold pieces.
You spent 30 gold pieces at shops.

Inventory:

Hand Weapons
 a - a +0 trident
 p - a +2 falchion of electrocution (weapon)
Armour
 b - a +0 buckler
 q - a +2 kite shield (worn)
Wands
 r - a wand of polymorph (3)
 s - a wand of flame (10)
Scrolls
 f - 3 scrolls of identify
 i - 2 scrolls of holy word {unknown}
 j - 2 scrolls of enchant armour {unknown}
 m - a scroll of teleportation {unknown}
Potions
 c - a potion of might
 d - 2 potions of degeneration {unknown}
 e - 3 potions of resistance
 g - a potion of magic {unknown}
 k - 2 potions of curing
 l - a potion of haste
 n - 2 potions of attraction {unknown}
 o - a potion of berserk rage {unknown}


   Skills:
 + Level 5.4 Fighting
 * Level 4.8 Long Blades
 - Level 4.5 Polearms
 + Level 5.4 Dodging
 + Level 5.4 Shields


You had 7 spell levels left.
You didn't know any spells.
Your spell library contained the following spells:

 Spells                   Type           Power      Damage    Failure   Level
 Passwall                 Tmut/Erth      0%         N/A       83%         2
 Sublimation of Blood     Necr           0%         N/A       83%         2
 Wereblood                Tmut           0%         N/A       83%         2
 Inner Flame              Hex/Fire       0%         N/A       96%         3
 Swiftness                Air            0%         N/A       96%         3
 Cause Fear               Hex            0%         N/A       100%        4
 Summon Hydra             Summ           0%         N/A       100%        7
 Discord                  Hex            0%         N/A       100%        8


Dungeon Overview and Level Annotations

Branches:
Dungeon (5/15)
 Temple: D:4-7

Altars:

Shops:
D:1 (   D:3 !

Annotations:
D:5 Duvessa


Innate Abilities, Weirdness & Mutations

You cannot wear most types of armour.
You are amphibious.
You can wear up to eight rings at the same time.
Your skin changes colour to match your surroundings (Stealth+).
Your rubbery body absorbs attacks. (AC +1, EV +1)
((You are camouflaged when in or above water. (Stealth+)))
You have tentacles for arms and can constrict up to eight enemies at once.


Message History

HP restored.
There is a broken door here.
g - a green potion
Found 11 gold pieces.
Dowan, Brother of Duvessa comes into view.
He is wielding a +0 dagger.
Duvessa shouts!
Dowan shouts!
Duvessa gestures with her weapon.
Duvessa zaps a wand.
You resist with some effort.
You slash Dowan! You grab Dowan. You squeeze Dowan!
Dowan is almost dead.
You constrict Dowan. You block Dowan's attack. Dowan hits you with a +0 dagger.
You hit Duvessa. You grab Duvessa.
Duvessa is lightly wounded.
You constrict Duvessa. You constrict Dowan. Dowan closely misses you.
You block Duvessa's attack.
You hit Duvessa.
Duvessa is moderately wounded.
You constrict Duvessa. You constrict Dowan.
You kill Dowan!
Duvessa screams in rage.
Duvessa goes berserk!
Duvessa hits you with a +0 rapier! x2
Unknown command.
You hit Duvessa but do no damage.
Duvessa is moderately wounded.
You constrict Duvessa. Duvessa hits you with a +0 rapier!!
* * * LOW HITPOINT WARNING * * *
Duvessa barely misses you.
Unknown command.
You hit Duvessa.
Duvessa is moderately wounded.
You constrict Duvessa. You block Duvessa's attack. x2
Unknown command.
You slash Duvessa!
Duvessa is severely wounded.
You constrict Duvessa. You block Duvessa's attack.
Unknown command.
You slash Duvessa!
Duvessa is almost dead.
You constrict Duvessa. Duvessa misses you. Duvessa hits you with a +0 rapier!
You die...

#.......## ##.##.##
##.....## ### .#
##...## .# ##'##
##.## #.# ##...##
#.# #$....# ##.##
##### #.....#
##...###...#
#.e...#
#.....##...###.@).#
##...#.......#.####
##.##.......#.#
####....[....#
.......#####
#####...# #####


You could see Duvessa (berserk).

Vanquished Creatures
  Pikel (D:5)
  A black bear (D:5)
  3 necrophages
  A centaur (D:5)
  3 lemures (D:5)
  A phantom (D:5)
  Dowan (D:5)
  A hound (D:5)
  A jelly (D:5)
  A centaur skeleton (D:5)
  Natasha (thrice) (D:4)
  An iguana (D:5)
  2 hound skeletons
  2 adders
  An ufetubus (D:4)
  3 adder skeletons
  A dart slug (D:4)
  5 orcs
  4 bats
  10 endoplasms
  A giant cockroach (D:3)
  7 goblins (D:2)
  2 hobgoblins
  7 jackals
  A quokka (D:2)
  9 ball pythons
  3 frilled lizards
  5 kobolds
  5 rats
86 creatures vanquished.

Notes
Turn   | Place    | Note
-------+----------+-------------------------------------------
     0 | D:1      | Hasart the Octopode Fighter began the quest for the Orb.
     0 | D:1      | Reached XP level 1. HP: 16/16 MP: 1/1
    43 | D:1      | Found Pakhlairr's Antique Weapon Emporium.
   151 | D:1      | Found a faded altar of an unknown god.
   350 | D:1      | Reached XP level 2. HP: 21/21 MP: 2/2
   914 | D:1      | Reached XP level 3. HP: 26/26 MP: 3/3
  1759 | D:3      | Found Xelukofi's Distillery.
  1767 | D:3      | Bought a potion of curing for 30 gold pieces
  1791 | D:3      | Reached XP level 4. HP: 30/31 MP: 4/4
  2461 | D:4      | Noticed Natasha
  2466 | D:4      | Killed Natasha
  2467 | D:4      | Reached XP level 5. HP: 30/37 MP: 5/5
  2825 | D:4      | Noticed Natasha
  2832 | D:4      | Killed Natasha
  2930 | D:4      | Noticed a necrophage
  2932 | D:4      | Noticed a necrophage
  2954 | D:4      | Killed a necrophage
  2955 | D:4      | Reached XP level 6. HP: 34/43 MP: 6/6
  3030 | D:4      | Killed a necrophage
  3302 | D:4      | Noticed Natasha
  3324 | D:4      | HP: 1/43 [Natasha (8)]
  3325 | D:4      | Killed Natasha
  3928 | D:5      | Entered Level 5 of the Dungeon
  3970 | D:5      | Reached skill level 1 in Long Blades
  4013 | D:5      | Reached XP level 7. HP: 39/49 MP: 7/7
  4791 | D:5      | Noticed Duvessa
  4871 | D:5      | Noticed Pikel
  5030 | D:5      | Killed Pikel
  5031 | D:5      | Reached skill level 5 in Fighting
  5031 | D:5      | Reached skill level 5 in Dodging
  5031 | D:5      | Reached skill level 5 in Shields
  5031 | D:5      | Reached XP level 8. HP: 27/56 MP: 8/8
  5213 | D:5      | Noticed Dowan
  5217 | D:5      | Killed Dowan
  5221 | D:5      | Slain by Duvessa

Illustrated notes

Levels and vault maps discovered:
D:1:      dpeg_arrival_round_b, layout_loops_corners,
          hellmonk_ecumenical_altar_zigzags, serial_shops, nicolae_shop_trees,
          minmay_indecisive_spiral
D:2:      layout_loops_ring, minmay_goblin_outpost
D:3:      layout_loops_cross, serial_shops, nicolae_shop_trees
D:4:      layout_cave_pods, hangedman_decor_growths, uniq_natasha
D:5:      layout_loops_corners, nicolae_qazlal_eye_of_the_storm, minivault_1,
          uniq_duvessa, uniq_pikel

Skill      XL: |  1  2  3  4  5  6  7 |
---------------+----------------------+-----
Polearms       | 3 4 |  4.5
Fighting       | 4 5 |  5.4
Dodging        | 4 5 |  5.4
Shields        | 4 5 |  5.4
Long Blades    | 1 4 |  4.8

Action                   |  1- 3 |  4- 6 |  7- 9 || total
-------------------------+-------+-------+-------++-------
Melee: Trident           |    90 |    44 |       ||   134
       Constrict         |    15 |    17 |     7 ||    39
       Tentacles         |     9 |    13 |    13 ||    35
       Punch             |     1 |     2 |       ||     3
       Falchion          |       |    20 |    53 ||    73
       Unarmed           |       |    18 |       ||    18
  Use: Scroll            |       |       |     3 ||     3
 Stab: Sleeping          |    10 |     5 |     4 ||    19
Armor: Skin              |     3 |     4 |     2 ||     9
Dodge: Dodged            |    39 |    46 |    28 ||   113
Block: Buckler           |     8 |     7 |       ||    15
       Kite shield       |       |     8 |    28 ||    36

Table legend: (Time is in decaauts)
 A = Elapsed time spent in this place.
 B = Non-inter-level travel time spent in this place.
 C = Inter-level travel time spent in this place.
 D = Time resting spent in this place.
 E = Time spent auto-exploring this place.
 F = Levels seen in this place.
 G = Mean time per level.
                   A        B        C        D        E       F      G
               +--------+--------+--------+--------+--------+-----+--------+
         Total |   5279 |   5149 |    130 |    171 |   4289 |   5 | 1055.8 |
       Dungeon |   5279 |   5149 |    130 |    171 |   4289 |   5 | 1055.8 |
               +--------+--------+--------+--------+--------+-----+--------+

Top non-repeatable levels by time:
     D:4: 1487 daAuts
     D:5: 1313 daAuts
     D:1: 1029 daAuts
     D:3: 788 daAuts
     D:2: 660 daAuts
